| TOP OF THE 1ST |
|
Americus Braves batting - Pitching for Portland Angels : LHP Chris Fuller
|
|
Pitching: LHP Chris Fuller
|
|
|
Batting: RHB Joe Young
|
0-0: Called Strike 0-1: Foul Ball, location: 2F 0-2: Ball 1-2: DOUBLE (Line Drive, 78M, EV 103.8 MPH)
|
|
Batting: LHB Erik Gretzky
|
0-0: Ball Joe Young steals 3rd base 1-0: Called Strike 1-1: Ball 2-1: Ground out 4-3 (Groundball, 34, EV 88.8 MPH) Joe Young scores
|
|
Batting: RHB Hisayuki Akiyama
|
0-0: Swinging Strike 0-1: Ball 1-1: Called Strike 1-2: SINGLE (Groundball, 6MD, EV 109.4 MPH)
|
|
Batting: RHB Josh McCormick
|
0-0: Ball 1-0: Called Strike 1-1: SINGLE (Flyball, 78S, EV 89.4 MPH) Hisayuki Akiyama to second
|
|
Batting: LHB Ryan Murdock
|
0-0: Called Strike 0-1: Ball 1-1: Foul Ball, location: 2F 1-2: Foul Ball, location: 2F 1-2: Strikes out swinging
|
|
Batting: SHB Jose Melendez
|
0-0: Called Strike 0-1: Swinging Strike 0-2: Ball 1-2: Foul Ball, location: 2F 1-2: TRIPLE (Flyball, 78XD, EV 99.4 MPH) Hisayuki Akiyama scores Josh McCormick scores
|
|
Batting: SHB Jordan Barragan
|
0-0: Ball 1-0: Ball 2-0: Ball 3-0: Base on Balls
|
|
Batting: RHB Terry Hughes
|
0-0: Called Strike 0-1: Ball 1-1: Called Strike 1-2: Ball 2-2: Foul Ball, location: 2F 2-2: Strikes out swinging
|
| Top of the 1st over - 3 runs, 4 hits, 0 errors, 2 left on base; Americus 3 - Portland 0 |
| BOTTOM OF THE 1ST |
|
Portland Angels batting - Pitching for Americus Braves : RHP Jeremy Kasten
|
|
Pitching: RHP Jeremy Kasten
|
|
|
Batting: RHB Dan Burkhart
|
0-0: Ball 1-0: Ball 2-0: SOLO HOME RUN (Line Drive, 7LD, EV 96.9 MPH), Distance : 372 ft
|
|
Batting: LHB Dave Hicks
|
0-0: Fly out, F8 (Flyball, 89M, EV 86.9 MPH)
|
|
Batting: LHB Mario Anguiano
|
0-0: Called Strike 0-1: Ball 1-1: Called Strike 1-2: Strikes out swinging
|
|
Batting: RHB Juan Rosa
|
0-0: Foul Ball, location: 2F 0-1: Foul Ball, location: 2F 0-2: Ball 1-2: Strikes out swinging
|
| Bottom of the 1st over - 1 run, 1 hit, 0 errors, 0 left on base; Americus 3 - Portland 1 |
| TOP OF THE 2ND |
|
Americus Braves batting - Pitching for Portland Angels : LHP Chris Fuller
|
|
Batting: RHB Phil Holman
|
0-0: Foul Ball, location: 2F 0-1: Called Strike 0-2: Ball 1-2: Ground out 6-3 (Groundball, 6, EV 89.4 MPH)
|
|
Batting: RHB Joe Young
|
0-0: Called Strike 0-1: Ball 1-1: Called Strike 1-2: Ball 2-2: SINGLE (Line Drive, 8RS, EV 107.5 MPH)
|
|
Batting: LHB Erik Gretzky
|
0-0: Ball 1-0: Foul Ball, location: 2F 1-1: Called Strike 1-2: Reached on error, E4 (Groundball, 4M, EV 86.2 MPH) Joe Young to second
|
|
Batting: RHB Hisayuki Akiyama
|
0-0: Ball Joe Young steals 3rd base Erik Gretzky to second 1-0: Ball 2-0: Foul Ball, location: 2F 2-1: Swinging Strike 2-2: Fly out, F8 (Flyball, 8LD, EV 101.9 MPH) Runner from 3rd tags up, SCORES, no throw by CF
|
|
Batting: RHB Josh McCormick
|
0-0: Called Strike 0-1: Ball 1-1: Ball 2-1: Ball 3-1: Base on Balls
|
|
Batting: LHB Ryan Murdock
|
0-0: Called Strike 0-1: Ball 1-1: Swinging Strike 1-2: Ball 2-2: Ball 3-2: Strikes out looking
|
| Top of the 2nd over - 1 run, 1 hit, 1 error, 2 left on base; Americus 4 - Portland 1 |
| BOTTOM OF THE 2ND |
|
Portland Angels batting - Pitching for Americus Braves : RHP Jeremy Kasten
|
|
Batting: LHB Griffin Ferris
|
0-0: Ball 1-0: Ball 2-0: Called Strike 2-1: Swinging Strike 2-2: Strikes out swinging
|
|
Batting: RHB Khalil Thurston
|
0-0: SINGLE (Flyball, 3D, EV 93.1 MPH)
|
|
Batting: RHB Kyle Gray
|
0-0: Ball 1-0: Called Strike 1-1: Swinging Strike 1-2: Ball 2-2: Foul Ball, location: 2F 2-2: Foul Ball, location: 2F 2-2: Ball 3-2: Strikes out looking Khalil Thurston steals 2nd, throwing error, E2 Khalil Thurston to third
|
|
Batting: RHB Sean Rocha
|
0-0: Ball 1-0: Called Strike 1-1: Foul Ball, location: 2F 1-2: Ball 2-2: Ball 3-2: Fly out, F8 (Line Drive, 8RM, EV 89.4 MPH)
|
| Bottom of the 2nd over - 0 runs, 1 hit, 1 error, 1 left on base; Americus 4 - Portland 1 |
| TOP OF THE 3RD |
|
Americus Braves batting - Pitching for Portland Angels : LHP Chris Fuller
|
|
Batting: SHB Jose Melendez
|
0-0: SINGLE (Flyball, 89S, EV 91.9 MPH)
|
|
Batting: SHB Jordan Barragan
|
0-0: Called Strike 0-1: Ball 1-1: Ball 2-1: Foul Ball, location: 2F 2-2: Strikes out swinging
|
|
Batting: RHB Terry Hughes
|
0-0: Called Strike 0-1: Ball Jose Melendez is caught stealing 2nd base 2-4 1-1: Foul Ball, location: 2F 1-2: Foul Ball, location: 2F 1-2: Ball 2-2: Ball 3-2: Base on Balls
|
|
Batting: RHB Phil Holman
|
0-0: Ball 1-0: Foul Ball, location: 2F 1-1: Ball 2-1: Foul Ball, location: 2F 2-2: Ball 3-2: Base on Balls Terry Hughes to second
|
|
Batting: RHB Joe Young
|
0-0: Fly out, F3 (Popup, 3SF, EV 89.4 MPH)
|
| Top of the 3rd over - 0 runs, 1 hit, 0 errors, 2 left on base; Americus 4 - Portland 1 |
| BOTTOM OF THE 3RD |
|
Portland Angels batting - Pitching for Americus Braves : RHP Jeremy Kasten
|
|
Batting: SHB Danny Gelinas
|
0-0: Called Strike 0-1: Ball 1-1: Foul Ball, location: 2F 1-2: Ball 2-2: Strikes out swinging
|
|
Batting: RHB Dan Burkhart
|
0-0: Called Strike 0-1: Ball 1-1: Swinging Strike 1-2: Ball 2-2: Ball 3-2: Foul Ball, location: 2F 3-2: SINGLE (Line Drive, 7LS, EV 103.8 MPH)
|
|
Batting: LHB Dave Hicks
|
0-0: Called Strike 0-1: Called Strike 0-2: Ball 1-2: Ball 2-2: DOUBLE (Line Drive, 78M, EV 100.0 MPH) Dan Burkhart to third Runner from 3rd tries for Home, SAFE, throw by LF to home
|
|
Batting: LHB Mario Anguiano
|
0-0: Called Strike 0-1: Ball 1-1: Ball 2-1: Ground out 6-3 (Groundball, 6, EV 81.9 MPH) Dave Hicks to third
|
|
Batting: RHB Juan Rosa
|
0-0: Called Strike 0-1: Ball 1-1: Swinging Strike 1-2: Ground out 6-3 (Groundball, 6, EV 107.5 MPH)
|
| Bottom of the 3rd over - 1 run, 2 hits, 0 errors, 1 left on base; Americus 4 - Portland 2 |
| TOP OF THE 4TH |
|
Americus Braves batting - Pitching for Portland Angels : LHP Chris Fuller
|
|
Batting: LHB Erik Gretzky
|
0-0: Ball 1-0: SOLO HOME RUN (Flyball, 7LD, EV 90.0 MPH), Distance : 328 ft
|
|
Batting: RHB Hisayuki Akiyama
|
0-0: Ball 1-0: Ball 2-0: Ball 3-0: Base on Balls
|
|
Batting: RHB Josh McCormick
|
0-0: Ball Hisayuki Akiyama steals 2nd base 1-0: Swinging Strike 1-1: Swinging Strike 1-2: Strikes out swinging
|
|
Batting: LHB Ryan Murdock
|
0-0: Called Strike 0-1: Foul Ball, location: 2F 0-2: Strikes out swinging
|
|
Batting: SHB Jose Melendez
|
0-0: TRIPLE (Groundball, 3L, EV 106.2 MPH) Hisayuki Akiyama scores
|
|
Batting: SHB Jordan Barragan
|
0-0: Called Strike 0-1: Ball 1-1: Ball 2-1: Ball 3-1: DOUBLE (Line Drive, 9LM, EV 95.6 MPH) Jose Melendez scores
|
|
Batting: RHB Terry Hughes
|
0-0: Called Strike 0-1: SINGLE (Groundball, 4D, EV 107.5 MPH) Jordan Barragan to third Runner from 3rd tries for Home, SAFE, throw by CF to home
|
|
Pitching: RHP Eli Mercedes
|
|
|
Batting: RHB Phil Holman
|
0-0: Called Strike 0-1: Ball 1-1: Fly out, F7 (Flyball, 78M, EV 93.8 MPH)
|
| Top of the 4th over - 4 runs, 4 hits, 0 errors, 1 left on base; Americus 8 - Portland 2 |
| BOTTOM OF THE 4TH |
|
Portland Angels batting - Pitching for Americus Braves : RHP Jeremy Kasten
|
|
Batting: LHB Griffin Ferris
|
0-0: Called Strike 0-1: Foul Ball, location: 2F 0-2: Foul Ball, location: 2F 0-2: Foul Ball, location: 2F 0-2: Strikes out swinging
|
|
Batting: RHB Khalil Thurston
|
0-0: Ball 1-0: Ball 2-0: Ball 3-0: Called Strike 3-1: Foul Ball, location: 2F 3-2: Fly out, F9 (Flyball, 9, EV 92.5 MPH)
|
|
Batting: RHB Kyle Gray
|
0-0: Ball 1-0: Called Strike 1-1: Ball 2-1: SINGLE (Groundball, 4MD, EV 98.1 MPH)
|
|
Batting: RHB Sean Rocha
|
0-0: Called Strike 0-1: Ball 1-1: Foul Ball, location: 2F 1-2: Ball 2-2: Strikes out swinging
|
| Bottom of the 4th over - 0 runs, 1 hit, 0 errors, 1 left on base; Americus 8 - Portland 2 |
| TOP OF THE 5TH |
|
Americus Braves batting - Pitching for Portland Angels : RHP Eli Mercedes
|
|
Batting: RHB Joe Young
|
0-0: SINGLE (Flyball, 6D, EV 88.8 MPH)
|
|
Batting: LHB Erik Gretzky
|
0-0: Ball 1-0: Foul Ball, location: 2F 1-1: Foul Ball, location: 2F 1-2: Fielders Choice at 2nd, 3-6 (Groundball, 34, EV 85.6 MPH)
|
|
Batting: RHB Hisayuki Akiyama
|
0-0: Ball 1-0: Ball 2-0: Ball 3-0: Base on Balls Erik Gretzky to second
|
|
Batting: RHB Josh McCormick
|
0-0: Ball 1-0: Ball 2-0: Called Strike 2-1: Called Strike 2-2: Ball 3-2: Fly out, F8 (Flyball, 8LD, EV 88.1 MPH)
|
|
Batting: LHB Ryan Murdock
|
0-0: Ball 1-0: Called Strike 1-1: Ball 2-1: Ball 3-1: Foul Ball, location: 2F 3-2: Fly out, F7 (Flyball, 7D, EV 96.2 MPH)
|
| Top of the 5th over - 0 runs, 1 hit, 0 errors, 2 left on base; Americus 8 - Portland 2 |
| BOTTOM OF THE 5TH |
|
Portland Angels batting - Pitching for Americus Braves : RHP Jeremy Kasten
|
|
Batting: SHB Danny Gelinas
|
0-0: Ball 1-0: Foul Ball, location: 2F 1-1: Hit by Pitch
|
|
Batting: RHB Dan Burkhart
|
0-0: Ball 1-0: Foul Ball, location: 2F 1-1: Grounds into double play, 3-6-3 (Groundball, 3, EV 109.4 MPH)
|
|
Batting: LHB Dave Hicks
|
0-0: Ball 1-0: Ball 2-0: Called Strike 2-1: Ball 3-1: Swinging Strike 3-2: Foul Ball, location: 2F 3-2: Foul Ball, location: 2F 3-2: Strikes out swinging
|
| Bottom of the 5th over - 0 runs, 0 hits, 0 errors, 0 left on base; Americus 8 - Portland 2 |
| TOP OF THE 6TH |
|
Americus Braves batting - Pitching for Portland Angels : RHP Eli Mercedes
|
|
Batting: SHB Jose Melendez
|
0-0: Ball 1-0: Ball 2-0: Fly out, F4 (Line Drive, 4, EV 65.0 MPH)
|
|
Batting: SHB Jordan Barragan
|
0-0: Ball 1-0: Ball 2-0: Called Strike 2-1: Fly out, F9 (Flyball, 89M, EV 91.2 MPH)
|
|
Batting: RHB Terry Hughes
|
0-0: Ball 1-0: Foul Ball, location: 2F 1-1: Ball 2-1: DOUBLE (Flyball, 8RXD, EV 94.4 MPH)
|
|
Pitching: RHP Adam Hefner
|
|
|
Batting: RHB Phil Holman
|
0-0: Foul Ball, location: 2F 0-1: Ball 1-1: Swinging Strike 1-2: SINGLE (Line Drive, 8LS, EV 90.6 MPH) Terry Hughes to third Runner from 3rd tries for Home, throw by CF and OUT! 8-2
|
| Top of the 6th over - 0 runs, 2 hits, 0 errors, 1 left on base; Americus 8 - Portland 2 |
| BOTTOM OF THE 6TH |
|
Portland Angels batting - Pitching for Americus Braves : RHP Jeremy Kasten
|
|
Batting: LHB Mario Anguiano
|
0-0: Called Strike 0-1: Fly out, F8 (Flyball, 78D, EV 87.5 MPH)
|
|
Batting: RHB Juan Rosa
|
0-0: Ball 1-0: Called Strike 1-1: Swinging Strike 1-2: Foul Ball, location: 2F 1-2: Strikes out swinging
|
|
Batting: LHB Griffin Ferris
|
0-0: Called Strike 0-1: Ball 1-1: Ball 2-1: Ball 3-1: Ground out 6-3 (Groundball, 6, EV 87.5 MPH)
|
| Bottom of the 6th over - 0 runs, 0 hits, 0 errors, 0 left on base; Americus 8 - Portland 2 |
| TOP OF THE 7TH |
|
Americus Braves batting - Pitching for Portland Angels : RHP Adam Hefner
|
|
Batting: RHB Joe Young
|
0-0: SINGLE (Line Drive, 3D, EV 94.4 MPH)
|
|
Batting: LHB Erik Gretzky
|
0-0: Ball Joe Young steals 2nd base 1-0: Foul Ball, location: 2F 1-1: Ball 2-1: Foul Ball, location: 2F 2-2: Foul Ball, location: 2F 2-2: Ball 3-2: Ground out 6-3 (Groundball, 6, EV 100.0 MPH)
|
|
Batting: RHB Hisayuki Akiyama
|
0-0: Foul Ball, location: 2F 0-1: Ball 1-1: Ball 2-1: Ball Joe Young steals 3rd base (no throw) 3-1: Base on Balls
|
|
Batting: RHB Josh McCormick
|
0-0: Called Strike 0-1: Fielders Choice at 2nd, 6-4 (Groundball, 6, EV 82.5 MPH) Joe Young scores
|
|
Pitching: RHP Manuel Vega
|
|
|
Batting: LHB Ryan Murdock
|
0-0: Ball 1-0: Called Strike 1-1: Ground out U3 (Groundball, 13, EV 85.0 MPH)
|
| Top of the 7th over - 1 run, 1 hit, 0 errors, 1 left on base; Americus 9 - Portland 2 |
| BOTTOM OF THE 7TH |
|
Portland Angels batting - Pitching for Americus Braves : RHP Jeremy Kasten
|
|
Batting: RHB Khalil Thurston
|
0-0: Ball 1-0: Called Strike 1-1: Foul Ball, location: 2F 1-2: Ball 2-2: SINGLE (Groundball, 6, EV 95.6 MPH)
|
|
Batting: RHB Kyle Gray
|
0-0: Called Strike 0-1: Called Strike 0-2: Ball 1-2: SINGLE (Groundball, 34D, EV 97.5 MPH) Khalil Thurston to second
|
|
Pitching: RHP Jessie Mattei
|
|
|
Pinch Hitting: LHB Matthew Bale
|
0-0: Called Strike 0-1: Foul Ball, location: 2F 0-2: SINGLE (Flyball, 6MD, EV 94.4 MPH) Khalil Thurston to third Kyle Gray to second
|
|
Batting: SHB Danny Gelinas
|
0-0: Ball 1-0: Ball 2-0: GRAND SLAM HOME RUN (Flyball, 9LD, EV 88.8 MPH), Distance : 325 ft
|
|
Batting: RHB Dan Burkhart
|
0-0: Ball 1-0: Ground out U3 (Groundball, 34, EV 104.4 MPH)
|
|
Batting: LHB Dave Hicks
|
0-0: Ball 1-0: Foul Ball, location: 2F 1-1: Foul Ball, location: 2F 1-2: Strikes out swinging
|
|
Batting: LHB Mario Anguiano
|
0-0: Called Strike 0-1: Ball 1-1: Ball 2-1: Ball 3-1: SOLO HOME RUN (Flyball, 89XD, EV 96.2 MPH), Distance : 372 ft
|
|
Pitching: RHP Manny Rolfe
|
|
|
Batting: RHB Juan Rosa
|
0-0: Ball 1-0: Called Strike 1-1: Called Strike 1-2: Strikes out swinging
|
| Bottom of the 7th over - 5 runs, 5 hits, 0 errors, 0 left on base; Americus 9 - Portland 7 |
| TOP OF THE 8TH |
|
Americus Braves batting - Pitching for Portland Angels : RHP Manuel Vega
|
|
Now in CF: Areda Obote
|
|
|
Batting: SHB Jose Melendez
|
0-0: Ball 1-0: Foul Ball, location: 2F 1-1: Called Strike 1-2: SINGLE (Line Drive, 89S, EV 100.6 MPH)
|
|
Batting: SHB Jordan Barragan
|
0-0: Sac Bunt to 13 - play at first, batter OUT! 1-3 Jose Melendez to second
|
|
Batting: RHB Terry Hughes
|
0-0: Intentional Walk
|
|
Batting: RHB Phil Holman
|
0-0: Ball 1-0: Called Strike 1-1: Ball 2-1: Foul Ball, location: 2F 2-2: Grounds into double play, 6-4-3 (Groundball, 6, EV 108.1 MPH)
|
| Top of the 8th over - 0 runs, 1 hit, 0 errors, 1 left on base; Americus 9 - Portland 7 |
| BOTTOM OF THE 8TH |
|
Portland Angels batting - Pitching for Americus Braves : RHP Manny Rolfe
|
|
Batting: LHB Griffin Ferris
|
0-0: Called Strike 0-1: Swinging Strike 0-2: Ground out 5-3 (Groundball, 5, EV 86.2 MPH)
|
|
Batting: RHB Khalil Thurston
|
0-0: Swinging Strike 0-1: Called Strike 0-2: Ball 1-2: DOUBLE (Flyball, 89D, EV 110.6 MPH)
|
|
Batting: RHB Kyle Gray
|
0-0: Called Strike 0-1: Swinging Strike 0-2: Strikes out swinging
|
|
Pinch Hitting: LHB Jamie Diebel
|
0-0: Ball 1-0: Foul Ball, location: 2F 1-1: Fly out, F9 (Flyball, 9, EV 91.9 MPH)
|
| Bottom of the 8th over - 0 runs, 1 hit, 0 errors, 1 left on base; Americus 9 - Portland 7 |
| TOP OF THE 9TH |
|
Americus Braves batting - Pitching for Portland Angels : RHP Manuel Vega
|
|
Pitching: RHP Dean LeCroy
|
|
|
Now in CF: Trevor Kingston
|
|
|
Batting: RHB Joe Young
|
0-0: Fly out, F7 (Flyball, 7, EV 91.2 MPH)
|
|
Batting: LHB Erik Gretzky
|
0-0: Ball 1-0: Called Strike 1-1: Ball 2-1: Ball 3-1: Base on Balls
|
|
Batting: RHB Hisayuki Akiyama
|
0-0: Ball 1-0: Ball 2-0: Called Strike 2-1: Ball 3-1: Base on Balls Erik Gretzky to second
|
|
Batting: RHB Josh McCormick
|
0-0: Ball Erik Gretzky steals 3rd base Hisayuki Akiyama to second 1-0: SINGLE (Groundball, 56D, EV 104.4 MPH) Erik Gretzky scores Hisayuki Akiyama to third Runner from 3rd tries for Home, SAFE, throw by LF to home
|
|
Batting: LHB Ryan Murdock
|
0-0: Ball 1-0: Ball 2-0: Foul Ball, location: 2F 2-1: Reached on error, E6 (Groundball, 6, EV 83.8 MPH) Josh McCormick to second
|
|
Batting: SHB Jose Melendez
|
0-0: Ball 1-0: Ball 2-0: SINGLE (Line Drive, 78S, EV 105.0 MPH) Josh McCormick to third Ryan Murdock to second
|
|
Batting: SHB Jordan Barragan
|
0-0: Fly out, F2 (Popup, 2LF, EV 88.1 MPH)
|
|
Batting: RHB Terry Hughes
|
0-0: Called Strike 0-1: SINGLE (Line Drive, 78S, EV 88.8 MPH) Josh McCormick scores Ryan Murdock to third Jose Melendez to second
|
|
Batting: RHB Phil Holman
|
0-0: Foul Ball, location: 2F 0-1: Fielders Choice at 2nd, 6-4 (Groundball, 6, EV 97.5 MPH)
|
| Top of the 9th over - 3 runs, 3 hits, 1 error, 3 left on base; Americus 12 - Portland 7 |
| BOTTOM OF THE 9TH |
|
Portland Angels batting - Pitching for Americus Braves : RHP Manny Rolfe
|
|
Pinch Hitting: LHB Edgar van der Meeren
|
0-0: Fly out, F8 (Flyball, 89D, EV 96.2 MPH)
|
|
Batting: RHB Dan Burkhart
|
0-0: SINGLE (Flyball, 56D, EV 89.4 MPH)
|
|
Batting: LHB Dave Hicks
|
0-0: Foul Ball, location: 2F 0-1: Swinging Strike 0-2: Strikes out swinging
|
|
Batting: LHB Mario Anguiano
|
0-0: Ball 1-0: Ground out 4-3 (Groundball, 34, EV 77.5 MPH)
|
| Bottom of the 9th over - 0 runs, 1 hit, 0 errors, 1 left on base; Americus 12 - Portland 7 |
|